 Dungeon Crawl Stone Soup version 0.30.0-19-g36f170ea60 (webtiles) character file.

Game seed: 15170885464995564226

1 CaptainMV the Ruffian (level 1, -5/16 HPs)
             Began as a Demonspawn Wanderer on May 26, 2023.
             Slain by a gnoll
             ... wielding a +0 spear
              (8 damage)
             ... on level 1 of the Dungeon.
             The game lasted 00:01:06 (53 turns).

CaptainMV the Ruffian (Demonspawn Wanderer)           Turns: 53, Time: 00:01:07

Health: -5/16      AC:  2    Str: 13    XL:     1   Next: 16%
Magic:  1/2        EV: 11    Int: 13    God:
Gold:   0          SH:  0    Dex: 11    Spells: 1/2 levels left

rFire   . . .        a - +0 dagger
rCold   . . .        (no shield)
rNeg    . . .        f - +0 robe
rPois   .            (no helmet)
rElec   .            (no cloak)
rCorr   .            (no gloves)
SInv    .            (no boots)
Will    .....        (no amulet)
Stlth   +            (no ring)
HPRegen 0.22/turn    (no ring)
MPRegen 0.08/turn

%: no passive effects
@: no status effects
A: no striking features
a: no special abilities


You were on level 1 of the Dungeon.
You visited 1 branch of the dungeon, and saw 1 of its levels.

Inventory:

Hand Weapons
 a - a +0 dagger (weapon)
Missiles
 c - 9 boomerangs (quivered)
Armour
 f - a +0 robe (worn)
Scrolls
 d - a scroll of blinking
 g - a scroll of identify
Potions
 b - a potion of brilliance
 e - 2 potions of curing


   Skills:
 + Level 2.0 Fighting
 + Level 1.0 Throwing
 + Level 1.0 Armour
 + Level 3.6 Unarmed Combat
 + Level 1.0 Spellcasting
 + Level 1.0 Fire Magic


You had one spell level left.
You knew the following spells:

 Your Spells              Type           Power      Damage    Failure   Level
a - Foxfire               Conj/Fire      4%         2x1d4     22%         1

Your spell library contained the following spells:

 Spells                   Type           Power      Damage    Failure   Level
 Ignite Poison            Fire/Tmut/Pois 1%         N/A       58%         3


Dungeon Overview and Level Annotations

Branches:
Dungeon (1/15)

Altars:


Message History

Confirm with . or Enter, or press ? or * to list all spells.
You miscast Foxfire.
Nothing appears to happen.
The endoplasm misses you.
You hit the endoplasm but do no damage. The endoplasm closely misses you.
You hit the endoplasm.
The endoplasm is moderately wounded.
The endoplasm freezes you.
You are frozen.
You hit the endoplasm.
You kill the endoplasm!
Your magical contamination has completely faded away.
A ball python comes into view.
The ball python hisses angrily.
A gnoll comes into view. It is wielding a +0 spear.
You closely miss the ball python. The ball python barely misses you.
The ball python misses you.
You barely miss the ball python. The ball python closely misses you. x2
You barely miss the ball python. The ball python barely misses you. x2
The gnoll hits you from afar with a +0 spear.
Casting: Foxfire (safe; 22% risk of failure)
Confirm with . or Enter, or press ? or * to list all spells.
You conjure some foxfire!
The ball python bites you but does no damage.
The ball python grabs you. The ball python constricts you.
The ball python bites you. The ball python constricts you.
The gnoll hits you from afar with a +0 spear!
Ouch! That really hurt!
You closely miss the ball python.
The foxfire hits the ball python.
The ball python is moderately wounded.
The foxfire hits the ball python.
The ball python is severely wounded.
The ball python bites you.
* * * LOW HITPOINT WARNING * * *
The ball python constricts you.
* * * LOW HITPOINT WARNING * * *
The gnoll barely misses you.
You hit the ball python.
You kill the ball python!
The gnoll hits you from afar with a +0 spear!
Ouch! That really hurt!
You die...

#.# ##.###
...... ....
...# #g.
#.###.###.#
#....@....#
#####ยง#####
#.# #.# #.#
#.# #.#
######### ###
#.#
#####........
##...##.##
#.....######.


You could see a gnoll.

Vanquished Creatures
  A ball python (D:1)
  An endoplasm (D:1)
2 creatures vanquished.

Vanquished Creatures (others)
  2 foxfires (D:1)
2 creatures vanquished.

Grand Total: 4 creatures vanquished

Notes
Turn   | Place    | Note
-------+----------+-------------------------------------------
     0 | D:1      | CaptainMV the Demonspawn Wanderer began the quest for the
                  | Orb.
     0 | D:1      | CaptainMV set off with the following items: a +0 dagger, a
                  | potion of brilliance, 9 boomerangs, a scroll of blinking, a
                  | potion of curing, a +0 robe; and the following spell
                  | memorised: Foxfire; and the following spells available to
                  | memorise: Ignite Poison.
     0 | D:1      | Reached XP level 1. HP: 16/16 MP: 2/2
    53 | D:1      | Slain by a gnoll

Illustrated notes

Levels and vault maps discovered:
D:1:      onia_arrival_pyramid, layout_loops_corners, serial_shops,
          nicolae_shop_tiny_glass

Action                     || total
---------------------------++-------
  Melee: Dagger            ||     8
   Cast: Foxfire           ||     1
    Use: Scroll            ||     1
 Armour: Robe              ||     1
  Dodge: Dodged            ||     9
